 Dungeon Crawl Stone Soup version 0.24.0-1-gfbc8707 (webtiles) character file.

Game seed: 12273900733443248866, levelgen mode: deterministic

170 Buxparty the Poker (level 5, -2/41 HPs)
             Began as a Mummy Gladiator on Jan 11, 2020.
             Slain by a worm (10 damage)
             ... on level 3 of the Dungeon.
             The game lasted 00:05:43 (2609 turns).

Buxparty the Poker (Mummy Gladiator)                Turns: 2609, Time: 00:05:43

Health: -2/41      AC:  4    Str: 18    XL:     5   Next: 25%
Magic:  5/5        EV: 12    Int:  8    God:
Gold:   152        SH:  0    Dex: 13    Spells: 4/4 levels left

rFire    x . .     SeeInvis .   a - +0 trident
rCold    + . .     Gourm    .   (no shield)
rNeg     + + +     Faith    .   b - +0 leather armour
rPois    ∞         Spirit   .   c - +0 helmet
rElec    .         Reflect  .   (no cloak)
rCorr    .         Harm     .   (no gloves)
MR       .....                  (no boots)
Stlth    +.........             (no amulet)
HPRegen  0.13/turn              (no ring)
MPRegen  0.09/turn              (no ring)

@: drained
A: no food or potions, fire vulnerability, cold resistance 1, negative energy
resistance 3, torment resistance, unbreathing
a: no special abilities


You were on level 3 of the Dungeon.
You were not hungry.

You visited 1 branch of the dungeon, and saw 3 of its levels.

You collected 152 gold pieces.

Inventory:

Hand Weapons
 a - a +0 trident (weapon)
Missiles
 d - 3 throwing nets (quivered)
Armour
 b - a +0 leather armour (worn)
 c - a +0 helmet (worn)
Scrolls
 f - 2 scrolls of noise {unknown}
 i - 2 scrolls of remove curse {unknown}
 j - 2 scrolls of identify {unknown}
 k - a scroll of immolation {unknown}
 l - 2 scrolls of teleportation {unknown}


   Skills:
 + Level 3.2(2.3) Fighting
 * Level 3.9(3.0) Polearms
 - Level 1.5(0.7) Throwing
 + Level 3.2(2.3) Dodging


You had 4 spell levels left.
You didn't know any spells.
Your spell library was empty.

Dungeon Overview and Level Annotations

Branches:
Dungeon (3/15)

Altars:
Yredelemnul

Annotations:
D:3 1 runed translucent door, Grijm's ghost, amateur OpWn; Grinder


Innate Abilities, Weirdness & Mutations

You do not eat or drink.
Your flesh is vulnerable to fire.
You are immune to poison.
Your flesh is cold resistant. (rC+)
You are immune to negative energy. (rN+++)
You are immune to unholy pain and torment.
You can survive without breathing.


Message History

You resist with some effort. The worm barely misses you.
You miss Grinder.
Grinder is heavily wounded.
Grinder closely misses you.
You barely miss Grinder.
Grinder is heavily wounded.
Grinder says, "DUCK!"
Grinder closely misses you. The worm closely misses you.
You barely miss Grinder.
Grinder is heavily wounded.
Grinder barely misses you. The worm misses you.
You closely miss Grinder.
Grinder is heavily wounded.
Grinder hits you.
* * * LOW HITPOINT WARNING * * *
Grinder misses you.
You barely miss Grinder.
Grinder is heavily wounded.
The worm bites you!
You die...

............##### #....#.a..
................. ...###w.
#.....#.#.....#### ...#...
#.....#..........####...!.##
#.....###..................
#.....+...######.#####.##.#
#.....##.......#.#####..#)#
#.....##.......#w.........#
#.....##.......#@.......(##
#..............#5....###(##
#.######.......#.....# #..# # #.#
##....####.....####.###'##.
#.#####.....## #.........†.......
#.......###..###.................
#####..##⌠##..##.................
#..##...##....####............
#.##.....##...# #..(....#.##.


You could see Grinder and a worm.

Vanquished Creatures
  An orc priest (D:2)
  2 orc wizards
  3 adders (D:2)
  An ooze (D:2)
  2 leopard geckos
  4 orcs
  3 giant cockroaches
  7 goblins
  9 hobgoblins
  6 bats
  7 frilled lizards
  7 kobolds
  4 rats
56 creatures vanquished.

Notes
Turn   | Place    | Note
-------+----------+-------------------------------------------
     0 | D:1      | Buxparty the Mummy Gladiator began the quest for the Orb.
     0 | D:1      | Reached XP level 1. HP: 16/16 MP: 1/1
   160 | D:1      | Reached XP level 2. HP: 12/22 MP: 2/2
   797 | D:2      | Found a basalt altar of Yredelemnul.
   820 | D:2      | Reached XP level 3. HP: 9/28 MP: 3/3
  1354 | D:2      | Found a faded altar of an unknown god.
  1527 | D:2      | Reached XP level 4. HP: 22/34 MP: 4/4
  2231 | D:2      | Reached XP level 5. HP: 32/41 MP: 5/5
  2515 | D:3      | Noticed Grijm's ghost (amateur OpWn)
  2526 | D:3      | Found a runed translucent door.
  2568 | D:3      | Noticed Grinder
  2609 | D:3      | Slain by a worm

Levels and vault maps discovered:
D:1:      kilobyte_arrival_exit_the_forest, layout_rooms
D:2:      layout_rooms, nicolae_overflow_hidden_temple,
          chequers_ecumenical_altar_simple, first_ration
D:3:      layout_basic, hellmonk_ghost_happy_afterlife, minivault_26,
          minmay_strange_pillars, uniq_grinder

Skill      XL: |  1  2  3  4 |
---------------+-------------+-----
Polearms       | 3 |  3.9
Dodging        | 3 |  3.2
Fighting       | 3 |  3.2
Throwing       | |  1.5

Action                   |  1- 3 |  4- 6 || total
-------------------------+-------+-------++-------
Melee: Trident           |   134 |    88 ||   222
 Stab: Sleeping          |     1 |       ||     1
Armor: Leather armour    |    29 |    21 ||    50
Dodge: Dodged            |    73 |    52 ||   125
